[Event "SS Manhem Chess Week-IM 2018"]
[Site "Gothenburg"]
[Date "2018.08.14"]
[Round "5"]
[White "Pantzar, Milton"]
[Black "Mikalsen, Erlend"]
[Result "1/2-1/2"]
[ECO "E04"]
[WhiteElo "2306"]
[BlackElo "2289"]
[Annotator "NA"]
[PlyCount "119"]
[EventDate "2018.08.11"]
[EventCountry "SWE"]
[SourceTitle "playchess.com"]
[Source "ChessBase"]
[SourceQuality "1"]
[TimeControl "40/5400+30:1800+30"]

1. Nf3 d5 2. d4 Nf6 3. c4 e6 4. g3 dxc4 5. Bg2 c5 6. O-O Nc6 7. dxc5 Qxd1 {[%emt 0:00:07] E04: Katalanisch} 8. Rxd1 Bxc5 9. Nfd2 Na5 10. Na3 Bxa3 11. bxa3 Bd7 12. Bb2 Rc8 13. Bc3 b6 14. Rdc1 {[%emt 0:00:36] [#]} Bb5 $146 ({Vorgänger:} 14... O-O 15. Bxa5 bxa5 16. Nxc4 {½-½ (39) Prohaszka,P (2613)-Fridman,D (2636) Saint Louis 2018}) 15. Rab1 Ba6 16. Bxa5 bxa5 17. Bb7 Bxb7 18. Rxb7 c3 19. Rxa7 O-O 20. Nb3 $1 Nd5 21. Rxa5 $14 f5 22. Nd4 Ra8 23. Rc5 Rfc8 24. Rxc8+ Rxc8 25. e3 Kf7 26. Kf1 g5 27. h3 h5 28. Ke2 Rb8 29. Rc2 Kf6 30. f4 gxf4 31. exf4 h4 32. Kf3 hxg3 33. Kxg3 Ra8 34. Ne2 Rxa3 35. Kf2 Kg6 36. Kf3 Ra4 37. Kf2 Kh5 38. Kg3 Re4 39. Kf3 Kh4 40. Rc1 Re3+ 41. Kf2 Rxh3 42. a4 Nf6 43. a5 Ne4+ 44. Kg2 Kg4 45. a6 Rh7 46. Nxc3 Nxc3 47. Rxc3 Kxf4 48. Ra3 Ra7 49. Kf2 Ke4 50. Ra5 Kd4 51. Kf3 Kc4 52. Kf4 Kb4 53. Ra1 Kb5 54. Rb1+ Kxa6 55. Ke5 Re7 56. Kf6 Rb7 57. Ra1+ Kb5 58. Kxe6 f4 59. Rf1 Kc5 60. Rxf4 1/2-1/2

[Event "SS Manhem Chess Week-IM 2018"]
[Site "Gothenburg"]
[Date "2018.08.15"]
[Round "6"]
[White "Vypkhaniuk, Ihor"]
[Black "Storme, Isak"]
[Result "1-0"]
[ECO "A20"]
[WhiteElo "2357"]
[BlackElo "2279"]
[Annotator "NA"]
[PlyCount "67"]
[EventDate "2018.08.11"]
[EventCountry "SWE"]
[SourceTitle "playchess.com"]
[Source "ChessBase"]
[SourceQuality "1"]
[TimeControl "40/5400+30:1800+30"]

1. c4 e5 2. g3 Nf6 3. Bg2 d5 4. cxd5 Nxd5 5. Nf3 Nc6 6. O-O Nb6 7. d3 Be7 8. Nbd2 O-O 9. a3 Re8 {[%emt 0:10:18] A20: English Opening: 1...e5} (9... a5 10. b3 f5 11. Bb2 Bf6 12. Qc2 Kh8 13. Rac1 Be6 14. Nc4 Nxc4 15. bxc4 Rb8 16. e3 Qe8 17. d4 e4 {1-0 (39) Ivanchuk,V (2726)-Harikrishna,P (2744) Huaian 2017}) 10. b3 Bf8 11. Bb2 Nd4 $146 ({Predecessor:} 11... g6 12. Qc2 Nd4 13. Nxd4 exd4 14. Rfe1 c6 15. Nf3 Bg7 16. Qc5 Nd7 17. Qc2 {½-½ (30) Olafsson,H (2512)-Woellermann,J (2384) Douglas 2017}) 12. Rc1 c6 13. Nxd4 exd4 14. Nf3 Bg4 15. Nxd4 Bxa3 16. Bxa3 Qxd4 17. Re1 Rad8 18. Qd2 Qd7 19. Bb2 Re6 20. Ra1 Rde8 21. f3 Bf5 22. e4 Bg6 23. Rxa7 Rd6 24. d4 f5 25. Qb4 fxe4 26. fxe4 Qc7 27. Rxb7 Qxb7 28. Qxd6 Nc4 29. bxc4 Qxb2 30. Rf1 Qc3 31. Qxc6 Qxd4+ 32. Kh1 Rxe4 $18 (32... Qe5 $16) 33. Qa8+ Re8 34. Bd5+ 1-0

[Event "SS Manhem Chess Week-IM 2018"]
[Site "Gothenburg"]
[Date "2018.08.15"]
[Round "7"]
[White "Antonsen, Mikkel"]
[Black "Kucuksari, Kaan"]
[Result "1-0"]
[ECO "E39"]
[WhiteElo "2444"]
[BlackElo "2329"]
[Annotator "NA"]
[PlyCount "81"]
[EventDate "2018.08.11"]
[EventCountry "SWE"]
[SourceTitle "playchess.com"]
[Source "ChessBase"]
[SourceQuality "1"]
[TimeControl "40/5400+30:1800+30"]

1. d4 Nf6 2. c4 e6 3. Nc3 Bb4 4. Qc2 O-O 5. Nf3 c5 6. dxc5 Na6 7. g3 Nxc5 8. Bg2 Nce4 9. O-O Nxc3 10. bxc3 Be7 11. e4 d6 12. e5 dxe5 13. Nxe5 Qc7 14. Qe2 Nd7 {[%emt 0:01:15] E39: Nimzo-Indian: Classical: 4...c5 5 dxc5 0-0} 15. Bf4 Bd6 16. Rfe1 Nxe5 17. Bxe5 Bxe5 (17... Rb8 18. Rad1 Bxe5 19. Qxe5 Qxe5 20. Rxe5 b6 21. c5 Ba6 22. c6 {½-½ (43) Nakamura,H (2781)-Caruana,F (2799) London 2017}) 18. Qxe5 Qxe5 19. Rxe5 Rb8 20. Ra5 $146 Bd7 21. Rxa7 Bc6 22. Bxc6 bxc6 23. Rd1 Rfd8 24. Rxd8+ Rxd8 25. Kf1 g5 26. Ke2 Kg7 27. a4 Kf6 28. a5 Rb8 29. Ke3 Rb2 30. a6 Ra2 31. Kd4 Ra5 32. Ra8 g4 {[%emt 0:11:43] [#]} (32... c5+ $14 33. Ke4 Ra4) 33. a7 ({White must play} 33. c5 $1 $18) 33... Kf5 34. Rc8 $14 (34. c5 $16) 34... Rxa7 ({Black should play} 34... e5+ $1 $14 35. Ke3 Rxa7) 35. Rxc6 Ra2 36. c5 Rxf2 37. Rd6 Rd2+ 38. Kc4 Rb2 39. c6 Rb8 40. Kc5 Ke5 41. c7 1-0

[Event "SS Manhem Chess Week-IM 2018"]
[Site "Gothenburg"]
[Date "2018.08.15"]
[Round "7"]
[White "Rydstrom, Tom"]
[Black "Vypkhaniuk, Ihor"]
[Result "1/2-1/2"]
[ECO "B17"]
[WhiteElo "2316"]
[BlackElo "2357"]
[Annotator "NA"]
[PlyCount "122"]
[EventDate "2018.08.11"]
[EventCountry "SWE"]
[SourceTitle "playchess.com"]
[Source "ChessBase"]
[SourceQuality "1"]
[TimeControl "40/5400+30:1800+30"]

1. Nc3 d5 2. d4 c6 3. e4 dxe4 4. Nxe4 Nd7 5. Nf3 Ngf6 6. Nxf6+ Nxf6 7. Bc4 Bf5 8. c3 e6 9. Qe2 Bg4 10. h3 Bxf3 11. Qxf3 Nd5 {[%emt 0:01:38] B17: Caro-Kann: Modern Line (4...Nd7)} (11... Bd6 12. O-O O-O 13. Bb3 a5 14. c4 e5 15. dxe5 Bxe5 16. Rb1 Re8 17. Bc2 Bd4 18. Bg5 h6 19. Bxf6 Qxf6 20. Qxf6 Bxf6 21. Rfe1 Rxe1+ 22. Rxe1 Kf8 23. b3 Re8 24. Rxe8+ {½-½ (23) Jakovenko,D (2736)-Anand,V (2788) Moscow 2009}) 12. Bd2 Bd6 13. g3 $146 ({Predecessor:} 13. a4 a5 14. O-O O-O {½-½ (17) Gurevich,V (2435)-Rodriguez Cespedes,A (2495) Ubeda 1998}) 13... Be7 14. h4 a5 15. a3 Qb6 16. O-O Qxb2 17. Qe2 Qb6 $1 ({Wrong is} 17... Bxa3 $2 18. Bxd5 cxd5 19. Rfb1 $18) 18. Rfb1 Qc7 19. Bxd5 cxd5 20. Qb5+ Qc6 21. Qxb7 Qxb7 22. Rxb7 Bd6 23. a4 h5 24. Rab1 O-O 25. R1b5 (25. R1b6 $16 Ba3 26. Rb3) 25... Rfb8 26. Kf1 (26. Rd7 $16 Bf8 27. Rxb8 Rxb8 28. Ra7) 26... Rxb7 27. Rxb7 Ra6 28. Ke2 Rc6 29. Ra7 Bc7 30. Kd3 Rc4 31. Kc2 Kf8 32. Kb3 f6 33. Bf4 e5 34. Be3 Rc6 35. Bc1 exd4 36. Ba3+ Kf7 37. cxd4 Ke6 38. Bc5 g5 39. Rb7 Kf5 40. Rb5 gxh4 41. gxh4 Ke4 42. Kc3 f5 43. Kd2 f4 44. Rb3 f3 45. Re3+ Kf4 46. Re7 Bd8 47. Rf7+ Kg4 48. Rg7+ Kf4 49. Rf7+ Ke4 50. Rh7 Bxh4 51. Rxh5 Bxf2 52. Re5+ Kf4 53. Rxd5 Re6 54. Rd7 Be1+ 55. Kd3 Re3+ 56. Kc4 Rc3+ 57. Kb5 f2 58. Rf7+ Ke4 $11 (58... Kg3 $5 59. d5 $8 Rb3+ 60. Kc6 Kg2 61. Rg7+ Kh3 $11) 59. d5 Kxd5 60. Bxf2 Rb3+ 61. Ka6 Bb4 1/2-1/2

[Event "SS Manhem Chess Week-IM 2018"]
[Site "Gothenburg"]
[Date "2018.08.15"]
[Round "7"]
[White "Pantzar, Milton"]
[Black "Hobber, Anders"]
[Result "0-1"]
[ECO "A11"]
[WhiteElo "2306"]
[BlackElo "2314"]
[Annotator "NA"]
[PlyCount "54"]
[EventDate "2018.08.11"]
[EventCountry "SWE"]
[SourceTitle "playchess.com"]
[Source "ChessBase"]
[SourceQuality "1"]
[TimeControl "40/5400+30:1800+30"]

1. Nf3 d5 2. g3 c6 3. Bg2 Bg4 4. c4 e6 5. O-O Nf6 6. d4 Be7 7. Ne5 Bf5 8. Nc3 {[%emt 0:05:07] A11: English Opening: 1...c6} O-O (8... Nbd7 9. Qb3 Qb6 10. Nxd7 Nxd7 11. e4 dxe4 12. Nxe4 O-O 13. Be3 Rfd8 14. h3 Nf6 15. Nc5 Bxc5 16. dxc5 Qc7 {1-0 (67) Mozharov,M (2555)-Belov,V (2628) Moscow 2014}) 9. Bf4 Nbd7 10. Qb3 Nxe5 11. dxe5 Nd7 12. e4 $146 ({Predecessor:} 12. Na4 g5 13. Be3 Qb8 14. f4 b5 15. cxb5 cxb5 16. Nc3 b4 {0-1 (35) Kuznetsov,V-Nemchenko,V (2251) ICCF email 2011}) 12... Nc5 13. Qc2 dxe4 14. Qe2 Qd3 15. Rfe1 e3 16. Bxe3 Qxe2 17. Rxe2 Rfd8 18. b3 Rd3 19. Rc1 Rad8 20. Ree1 $17 Nd7 21. Bxa7 Bb4 22. Red1 Nxe5 23. Bb6 R8d7 24. Rxd3 Nxd3 25. Rc2 Ne5 26. Be4 Nf3+ 27. Bxf3 Bxc2 0-1

[Event "SS Manhem Chess Week-IM 2018"]
[Site "Gothenburg"]
[Date "2018.08.15"]
[Round "7"]
[White "Storme, Isak"]
[Black "Mikalsen, Erlend"]
[Result "0-1"]
[ECO "B66"]
[WhiteElo "2279"]
[BlackElo "2289"]
[Annotator "NA"]
[PlyCount "96"]
[EventDate "2018.08.11"]
[EventCountry "SWE"]
[SourceTitle "playchess.com"]
[Source "ChessBase"]
[SourceQuality "1"]
[TimeControl "40/5400+30:1800+30"]

1. e4 c5 2. Nf3 d6 3. d4 cxd4 4. Nxd4 Nf6 5. Nc3 Nc6 6. Bg5 e6 7. Qd2 a6 8. O-O-O h6 9. Nxc6 bxc6 10. Bf4 d5 11. Qe3 Be7 12. Kb1 {[%emt 0:04:30] B66: Sicilian: Richter-Rauzer: 7...a6 8 0-0-0 h6} (12. Be2 O-O 13. h4 Nd7 14. Qg3 Kh8 15. Bc7 Qe8 16. Rhe1 Bb7 17. Bf3 Rc8 18. Bd6 Bxd6 19. Qxd6 Qd8 {½-½ (45) Vachier Lagrave,M (2718)-Kempinski,R (2616) Germany 2010}) 12... a5 13. h4 Ba6 14. exd5 $146 ({Predecessor:} 14. e5 Nd7 15. Bxa6 Rxa6 16. Qg3 g6 17. Bc1 h5 18. f4 Bb4 19. Ne2 a4 {0-1 (50) Le Goff,D (2281)-Perrin,G (2240) Avoine 2007}) 14... cxd5 15. Nb5 Rc8 16. Nc7+ ({White should play} 16. Qa7 $16 Bxb5 17. Bxb5+ Kf8 18. c4) 16... Rxc7 17. Bxc7 Qxc7 18. Bxa6 O-O 19. f3 Rb8 ({Better is} 19... a4 $11) 20. a4 $1 Rb4 21. c3 Rxa4 22. Bb5 Rf4 23. g3 Rf5 24. g4 Re5 25. Qd3 Bc5 26. Rde1 Rxe1+ 27. Rxe1 Qg3 28. Rh1 h5 (28... g6 $11) 29. g5 Nh7 30. f4 Qxf4 31. Rf1 Qxh4 32. g6 fxg6 33. Qxg6 Qe4+ 34. Bd3 Qxg6 35. Bxg6 Nf6 36. Re1 h4 37. Rxe6 ({White should try} 37. Kc2 $15) 37... h3 38. Rxf6 gxf6 39. Bf5 h2 40. Be6+ Kg7 41. Bxd5 Kg6 42. b4 {[%emt 0:03:03] [#]} Bxb4 $19 43. cxb4 axb4 44. Kb2 Kf5 45. Kb3 Kf4 46. Kxb4 Ke3 47. Kc3 f5 48. Kc2 f4 0-1

[Event "SS Manhem Chess Week-IM 2018"]
[Site "Gothenburg"]
[Date "2018.08.16"]
[Round "8"]
[White "Nedilko, Vasily"]
[Black "Storme, Isak"]
[Result "1-0"]
[ECO "D30"]
[WhiteElo "2369"]
[BlackElo "2279"]
[Annotator "NA RC"]
[PlyCount "111"]
[EventDate "2018.08.11"]
[EventCountry "SWE"]
[SourceTitle "playchess.com"]
[Source "ChessBase"]
[SourceQuality "1"]
[TimeControl "40/5400+30:1800+30"]

1. d4 Nf6 2. c4 e6 3. Nf3 d5 4. g3 Bb4+ 5. Bd2 Bd6 6. Bg2 O-O 7. Qc2 c6 8. O-O {[%emt 0:09:11] D30: Queen's Gambit Declined: Systems without Nc3} Ne4 (8... Nbd7 9. Rd1 Ne4 10. Ne1 Nxd2 11. Nxd2 f5 12. Nd3 Nf6 {0-1 (42) Xiong,J (2634)-Caruana,F (2811) chess.com INT 2018}) 9. Nc3 {[%emt 0:05:14] LiveBook: 7 Games} Nxd2 10. Nxd2 f5 11. Rab1 Qe7 $146 ({Predecessor:} 11... a5 12. a3 Qe7 {1-0 (34) Starostits,I (2441)-Kolb,M (2074) Port de Pollenca 2018}) 12. e3 Nd7 13. a3 Nf6 14. b4 Bd7 15. b5 Bxa3 16. c5 cxb5 17. Nxb5 Bxb5 18. Rxb5 a5 19. Nf3 Bb4 20. Ne5 Ne4 21. Ra1 Ra6 {[%emt 0:03:00] [#]} 22. Bf1 $1 Rfa8 23. Nd3 Qc7 24. Nxb4 axb4 25. Rxa6 Rxa6 26. Rxb4 Ra1 27. Rb6 Kf7 28. Qb2 Ra7 29. Bd3 Nf6 30. Bb5 Ne4 31. Kg2 Nf6 32. h3 Ne4 33. Bd3 Nf6 34. Be2 Ne4 35. Bf3 Nf6 36. Qb1 Ke7 37. g4 g6 38. g5 Ne4 39. Bxe4 fxe4 40. Qb5 Kf7 41. Qe2 Ra8 42. Qg4 Qe7 43. Qf4+ Kg7 $2 (43... Kg8 $16 {is a better chance.} 44. Qf6 Qxf6 45. gxf6 Kf7) 44. Qe5+ Kf7 45. h4 (45. c6 $142 bxc6 46. Rxc6) 45... Rc8 46. Kg3 Re8 {[%emt 0:05:08] [#]} 47. Kg4 $2 (47. Qd6 $1 $18) 47... Kg8 48. Qf6 Qd7 49. Kg3 Qc7+ 50. Kg2 Qd7 51. Rd6 Qb5 52. Kh2 Qa4 $18 53. c6 Rf8 54. Rd8 Rxd8 55. Qxd8+ Kg7 56. Qc7+ 1-0